 Dungeon Crawl Stone Soup version 0.22.0-75-g3901e79 (console) character file.

238 erker the Insei (level 6, 0/38 HPs)
             Began as an Octopode Transmuter on Sept 14, 2018.
             Slain by a centaur (1 damage)
             ... on level 4 of the Dungeon.
             The game lasted 00:08:47 (3730 turns).

erker the Insei (Octopode Transmuter)               Turns: 3730, Time: 00:08:48

Health: 0/38       AC:  1    Str:  9    XL:     6   Next: 7%
Magic:  6/9        EV: 14    Int: 17    God:
Gold:   119        SH:  0    Dex: 13    Spells: 2/9 levels left

rFire    . . .     SeeInvis .     - Unarmed
rCold    . . .     Gourm    .   (no shield)
rNeg     . . .     Faith    .   (helmet restricted)
rPois    .         Spirit   .   l - amulet of rage
rElec    .         Reflect  .   (no ring)
rCorr    .         Harm     .   (no ring)
MR       .....                  (no ring)
Stlth    +++.......             (no ring)
HPRegen  0.12/turn              (no ring)
MPRegen  0.11/turn              (no ring)
                                (no ring)
                                (no ring)

@: no status effects
A: almost no armour, stealthy swim, amphibious, 8 rings, constrict 8, camouflage
1, gelatinous body 1
a: Evoke Berserk Rage


You were on level 4 of the Dungeon.
You were not hungry.

You visited 1 branch of the dungeon, and saw 4 of its levels.

You collected 119 gold pieces.

Inventory:

Hand Weapons
 i - a +0 short sword of venom
Missiles
 a - 29 arrows
Jewellery
 l - an amulet of rage (around mantle)
Scrolls
 b - a scroll of random uselessness {unknown}
 d - a scroll of immolation {unknown}
 e - 2 scrolls of blinking {unknown}
 g - 3 scrolls of teleportation {unknown}
 h - 6 scrolls of identify {unknown}
 j - a scroll of remove curse {unknown}
 k - a scroll of magic mapping {unknown}
 r - a scroll of noise {unknown}
Potions
 f - 2 potions of curing
 m - 3 potions of lignification {unknown}
 n - a potion of cancellation {unknown}
 o - a potion of ambrosia {unknown}
 p - a potion of heal wounds {unknown}
 q - 2 potions of haste {unknown}
Comestibles
 c - 9 rations
 s - a chunk of flesh


   Skills:
 + Level 1.2 Fighting
 + Level 2.8 Dodging
 + Level 3.7 Stealth
 + Level 4.2 Unarmed Combat
 + Level 2.3 Spellcasting
 * Level 2.9 Transmutations
 * Level 1.8 Ice Magic


You had 2 spell levels left.
You knew the following spells:

 Your Spells              Type           Power        Failure   Level  Hunger
a - Beastly Appendage     Tmut           ##....       5%          1    #......
t - Sticks to Snakes      Tmut           ##......     9%          2    ###....
y - Ice Form              Ice/Tmut       ##......     56%         4    #####..

Your spell library contained the following spells:

 Spells                   Type           Power        Failure   Level  Hunger
 Spider Form              Tmut/Pois      #.........   30%         3    ###....
 Blade Hands              Tmut           ##........   83%         5    ######.


Dungeon Overview and Level Annotations

Branches:
Dungeon (4/15)
 Temple: D:4-7

Altars:
Elyvilon
Fedhas
Gozag
Makhleb
Okawaru
Ru
Zin


Innate Abilities, Weirdness & Mutations

You cannot wear most types of armour.
You are very stealthy in the water. (Stealth+)
You are amphibious.
You can wear up to eight rings at the same time.
You can use your tentacles to constrict eight enemies at once.
Your skin changes colour to match your surroundings (Stealth+).
Your rubbery body absorbs attacks. (AC +1, EV +1)


Message History

You create a snake!
You now have 29 arrows.
The centaur closely misses you. The leopard gecko misses you.
The centaur hits you.
You tentacle-slap the centaur.
The centaur is heavily wounded.
The leopard gecko closely misses you. The centaur hits you!
* * * LOW HITPOINT WARNING * * *
Your adder bites the centaur.
The centaur is poisoned.
Your adder poisons the centaur!
You barely miss the centaur. Your squeeze misses the centaur.
The centaur is severely wounded.
The leopard gecko closely misses you. The centaur hits you.
* * * LOW HITPOINT WARNING * * *
Your adder bites the centaur but does no damage.
You tentacle-slap the centaur.
The centaur is almost dead.
The centaur hits you.
* * * LOW HITPOINT WARNING * * *
The leopard gecko closely misses you.
Your adder closely misses the centaur.
The centaur hits you.
You die...

##### ####.cl###
#...S.@..#
###..#####.####...
#.................
##.#.....##.####..(
.........#..#
#......#.#
#.#....###.#
#..........#
#####.######


You could see a centaur, a leopard gecko and a friendly adder.

Vanquished Creatures
  A howler monkey (D:3)
  An orc priest (D:3)
  Jessica (D:2)
  A worker ant (D:2)
  2 adders (D:2)
  An ooze (D:1)
  A dart slug (D:1)
  7 leopard geckos
  13 orcs (D:3)
  3 giant cockroaches
  7 goblins
  8 hobgoblins
  8 jackals
  9 kobolds
  A quokka (D:3)
  5 bats
  2 frilled lizards (D:1)
  5 rats
  A plant (D:3)
77 creatures vanquished.

Vanquished Creatures (collateral kills)
  An orc (D:3)
1 creature vanquished.

Grand Total: 78 creatures vanquished

Notes
Turn   | Place    | Note
-------+----------+-------------------------------------------
     0 | D:1      | erker the Octopode Transmuter began the quest for the Orb.
     0 | D:1      | Reached XP level 1. HP: 13/13 MP: 3/3
   295 | D:1      | Reached XP level 2. HP: 13/18 MP: 5/5
   300 | D:1      | Learned a level 2 spell: Sticks to Snakes
   569 | D:1      | Reached skill level 1 in Stealth
   762 | D:1      | Reached XP level 3. HP: 23/23 MP: 6/6
  1635 | D:2      | Noticed Jessica
  1691 | D:2      | Reached XP level 4. HP: 20/28 MP: 7/7
  1697 | D:2      | Learned a level 4 spell: Ice Form
  1880 | D:2      | Found a sacrificial altar of Ru.
  1880 | D:2      | Found a blossoming altar of Fedhas.
  1881 | D:2      | Found an opulent altar of Gozag.
  2053 | D:2      | Killed Jessica
  2053 | D:2      | Reached skill level 1 in Ice Magic
  2053 | D:2      | Reached XP level 5. HP: 33/33 MP: 5/8
  2142 | D:3      | Reached skill level 4 in Unarmed Combat
  2484 | D:3      | Found an iron altar of Okawaru.
  2904 | D:3      | Found a burning altar of Makhleb.
  2906 | D:3      | Found a glowing silver altar of Zin.
  2907 | D:3      | Noticed a green death
  2907 | D:3      | Noticed an angel
  3025 | D:3      | Reached XP level 6. HP: 22/38 MP: 9/9
  3055 | D:3      | Found a blossoming altar of Fedhas.
  3674 | D:4      | Found a white marble altar of Elyvilon.
  3730 | D:4      | HP: 1/38 [centaur (3)]
  3730 | D:4      | Slain by a centaur

Skill      XL: |  1  2  3  4  5 |
---------------+----------------+-----
Stealth        | 1 2 3 |  3.7
Ice Magic      | 1 |  1.8
Unarmed Combat | 4 |  4.2
Fighting       | |  1.2
Dodging        | |  2.8
Spellcasting   | |  2.3
Transmutations | |  2.9

Action                   |  1- 3 |  4- 6 || total
-------------------------+-------+-------++-------
Melee: Unarmed           |    94 |   133 ||   227
       Constrict         |    21 |    38 ||    59
       Tentacles         |    13 |    37 ||    50
       Short sword       |     5 |       ||     5
       Punch             |     1 |     6 ||     7
       Kick              |       |     1 ||     1
 Cast: Sticks to Snakes  |       |     5 ||     5
       Beastly Appendage |       |     1 ||     1
  Use: Potion            |     1 |       ||     1
 Stab: Sleeping          |     9 |     5 ||    14
       Distracted        |       |     1 ||     1
  Eat: Chunk             |     2 |     7 ||     9
Armor: Skin              |     6 |     9 ||    15
Dodge: Dodged            |    69 |   103 ||   172
